 Dungeon Crawl Stone Soup version 0.31-a0-233-g139696dc86 (webtiles) character file.

Game seed: 848373456010598806

70 qw the Shooter (level 4, 0/26 HPs)
             Began as a Gargoyle Hexslinger on July 7, 2023.
             Slain by a goblin
             ... wielding a +0 club
             ... led by Robin
              (3 damage)
             ... on level 2 of the Dungeon.
             The game lasted 00:00:35 (1181 turns).

qw the Shooter (Gargoyle Hexslinger)                Turns: 1181, Time: 00:00:36

Health: 0/26       AC: 11    Str: 11      XL:     4   Next: 22%
Magic:  5/5        EV: 10    Int: 12 (14) God:
Gold:   58         SH:  0    Dex: 13 (14) Spells: 4/5 levels left

rFire   . . .        Y - +1 sling
rCold   . . .        (no shield)
rNeg    + . .        f - +0 ring mail
rPois   inf          i - +0 helmet
rElec   +            (no cloak)
rCorr   .            e - +1 pair of gloves
SInv    .            (no boots)
Will    .....        (no amulet)
Stlth   +            (no ring)
HPRegen 0.24/turn    (no ring)
MPRegen 0.09/turn

%: no passive effects
@: no status effects
A: sickness immunity, AC +3, negative energy resistance 1, electricity
resistance, torment resistance 1, petrification resistance
a: no special abilities


You were on level 2 of the Dungeon.
You visited 1 branch of the dungeon, and saw 2 of its levels.

You collected 58 gold pieces.


Innate Abilities, Weirdness & Mutations

You are immune to sickness and miasma.
Your stone body is resilient. (AC +3)
You are immune to poison.
You resist negative energy. (rN+)
You are resistant to electric shocks. (rElec)
You are resistant to unholy torment.
You are immune to petrification.


   Skills:
 - Level 2.0 Fighting
 + Level 3.8 Ranged Weapons
 - Level 1.0 Armour
 - Level 1.5 Dodging
 - Level 1.0 Spellcasting
 - Level 2.6 Hexes


You had 4 spell levels left.
You knew the following spells:

 Your Spells              Type           Power      Damage    Failure   Level
a - Slow                  Hex            28%        N/A       24%         1

Your spell library contained the following spells:

 Spells                   Type           Power      Damage    Failure   Level
 Inner Flame              Hex/Fire       3%         N/A       77%         3
 Portal Projectile        Hex/Tloc       6%         N/A       77%         3
 Cause Fear               Hex            3%         N/A       93%         4

Inventory:

Hand Weapons
 Y - a +1 sling (weapon)
Armour
 e - a +1 pair of gloves (worn)
 f - a +0 ring mail (worn)
 i - a +0 helmet (worn)
Jewellery
 b - a ring of willpower
Scrolls
 c - a scroll of fog {unknown}
 d - a scroll of silence {unknown}
 g - a scroll of noise {unknown}
 h - a scroll of teleportation {unknown}
Potions
 a - a potion of invisibility {unknown}

Dungeon Overview and Level Annotations

Branches:
Dungeon (2/15)

Altars:

Annotations:
D:2 Robin


Message History

The sling bullet closely misses the goblin.
The hobgoblin hits you but does no damage.
The goblin completely misses you. The goblin hits you but does no damage.
You shoot a sling bullet. The sling bullet hits the hobgoblin.
The hobgoblin is heavily wounded.
The hobgoblin barely misses you. The goblin closely misses you.
The goblin barely misses you. The hobgoblin misses you.
The goblin hits you but does no damage. The goblin closely misses you.
You shoot a sling bullet. The sling bullet hits the hobgoblin.
You kill the hobgoblin!
The goblin hits you but does no damage. x2
You shoot a sling bullet.
The sling bullet hits the hobgoblin but does no damage.
The hobgoblin hits you. The goblin closely misses you.
Robin throws the goblin at you! The goblin hits you with a +0 club.
You shoot a sling bullet. The sling bullet hits the hobgoblin.
The hobgoblin is heavily wounded.
The hobgoblin hits you but does no damage.
The goblin hits you with a +0 club. The goblin hits you but does no damage.
The goblin hits you with a +0 club. The hobgoblin hits you.
The goblin closely misses you.
The goblin hits you with a +0 dagger of draining.
The goblin hits you but does no damage. Robin throws the goblin at you!
You shoot a sling bullet. The sling bullet hits the hobgoblin.
You kill the hobgoblin!
The goblin closely misses you. x2; The goblin hits you but does no damage.
The goblin barely misses you.
You shoot a sling bullet. The sling bullet hits the goblin.
The goblin is severely wounded.
The goblin hits you but does no damage.
Robin hits you from afar with a +2 trident of venom.
The goblin misses you. The goblin closely misses you.
The goblin hits you with a +0 dagger of draining.
The goblin hits you but does no damage.
You shoot a sling bullet. The sling bullet hits the goblin.
You kill the goblin!
Robin barely misses you. The goblin hits you but does no damage.
The goblin barely misses you. x2; The goblin hits you but does no damage.
Robin closely misses you. The goblin hits you with a +0 club.
You die...

......)..####........#
.########...#........#
##~~~~~~###..........#
#~~....~~~##..########
~~..)....~~##.##
~....#....~~#..#
....#.###..~##.## #####
~%..#.(.#..~~#.g##.....#
~...#.#[#...~#.g@)g....#
~~..#...#...~#.gg#.)...#
#~..###.#...~#...# )....
#~~....#....~#...# ....
##~~.......~~##### ..#
##~~~....~~## .#
###~~~~~~## # ########


You could see Robin and 4 goblins.

Vanquished Creatures
  6 dart slugs
  4 bats
  5 endoplasms
  3 giant cockroaches (D:1)
  11 goblins
  6 hobgoblins
  4 jackals (D:1)
  3 quokkas
  2 ball pythons
  2 frilled lizards
  3 kobolds
  3 rats
52 creatures vanquished.

Notes
Turn   | Place    | Note
-------+----------+-------------------------------------------
     0 | D:1      | qw the Gargoyle Hexslinger began the quest for the Orb.
     0 | D:1      | Reached XP level 1. HP: 12/12 MP: 2/2
     0 | D:1      | 0 ||| qw: Version: 0.3-a-46-gb1f654a
     0 | D:1      | 0 ||| qw: Game counter: 3236
     0 | D:1      | 0 ||| qw: Melee chars always use a shield: true
     0 | D:1      | 0 ||| qw: God list: Okawaru
     0 | D:1      | 0 ||| qw: Allow faded altars: false
     0 | D:1      | 0 ||| qw: Do Orc after clearing Dungeon:15 true
     0 | D:1      | 0 ||| qw: Do second Lair branch before Depths: true
     0 | D:1      | 0 ||| qw: Lair rune preference: random
     0 | D:1      | 0 ||| qw: Goals: Normal
     0 | D:1      | 0 ||| PLANNING D:1-11
    77 | D:1      | Reached XP level 2. HP: 16/16 MP: 3/3
   187 | D:1      | Reached skill level 3 in Ranged Weapons
   287 | D:1      | Reached XP level 3. HP: 21/21 MP: 4/4
   810 | D:1      | 810 ||| UPGRADING to +0 pair of gloves.
   815 | D:1      | 815 ||| UPGRADING to +0 ring mail.
   825 | D:1      | 825 ||| DROPPING +0 robe.
   826 | D:1      | 826 ||| READING scroll labelled IJIDAN POZIE.
   827 | D:1      | 827 ||| DRINKING 2 red potions.
   828 | D:1      | 828 ||| DROPPING scroll of poison.
   829 | D:1      | 829 ||| DROPPING potion of degeneration.
   931 | D:2      | 931 ||| READING scroll of enchant armour.
   931 | D:2      | 931 ||| ENCHANTING +0 pair of gloves.
   948 | D:2      | 948 ||| FLEEEEING.
   949 | D:2      | 949 ||| FLEEEEING.
   950 | D:2      | 950 ||| FLEEEEING.
   951 | D:2      | 951 ||| FLEEEEING.
   952 | D:2      | 952 ||| FLEEEEING.
   953 | D:2      | 953 ||| FLEEEEING.
   954 | D:2      | 954 ||| FLEEEEING.
   955 | D:2      | 955 ||| FLEEEEING.
   956 | D:2      | 956 ||| FLEEEEING.
   958 | D:2      | Reached skill level 1 in Armour
  1093 | D:2      | Reached XP level 4. HP: 26/26 MP: 5/5
  1095 | D:2      | 1095 ||| UPGRADING to +0 helmet.
  1172 | D:2      | Noticed Robin
  1178 | D:2      | HP: 6/26 [goblin/+0 dagger of draining[Robin] (3)]
  1181 | D:2      | Slain by a goblin

Levels and vault maps discovered:
D:1:      dpeg_arrival_signposts, layout_basic
D:2:      layout_basic, kennysheep_doodads, hex_tiny, kennysheep_potato,
          uniq_robin

Skill      XL: |  1  2  3 |
---------------+----------+-----
Ranged Weapons | 3 |  3.8
Fighting       | 2 |  2.0
Armour         | 1 |  1.0
Dodging        | |  1.5
Spellcasting   | |  1.0
Hexes          | |  2.6

Action                     |  1- 3 |  4- 6 || total
---------------------------+-------+-------++-------
   Fire: Sling             |   124 |    32 ||   156
    Use: Scroll            |     2 |       ||     2
         Potion            |     1 |       ||     1
 Armour: Robe              |     7 |       ||     7
         Ring mail         |     6 |    26 ||    32
  Dodge: Dodged            |    37 |    23 ||    60

Table legend:
 A = Non-vault XP
 B = Vault XP
 C = Vault XP percentage of total XP
 D = Non-vault monster count
 E = Vault monster count
 F = Vault count percentage of total count
                 A         B        C        D         E       F
            +---------+---------+-------+---------+---------+-------
      Total |      86 |      17 |  16.5 |      44 |       8 |  15.4
            +---------+---------+-------+---------+---------+-------
        D:1 |      62 |       0 |   0.0 |      30 |       0 |   0.0
        D:2 |      24 |      17 |  41.5 |      14 |       8 |  36.4
            +---------+---------+-------+---------+---------+-------
